 Dungeon Crawl Stone Soup version 0.19.5 (webtiles) character file.

118 Kullungy the Shield-Bearer (level 5, -1/41 HPs)
             Began as a Formicid Fighter on Mar 9, 2017.
             Slain by Santreim's ghost (12 damage)
             ... on level 3 of the Dungeon.
             The game lasted 00:09:31 (2075 turns).

Kullungy the Shield-Bearer (Formicid Fighter)       Turns: 2075, Time: 00:09:31

Health: -1/41      AC:  9    Str: 21    XL:     5   Next: 23%
Magic:  5/5        EV:  6    Int:  8    God:
Gold:   86         SH:  9    Dex: 10    Spells: 0 memorised, 4 levels left

rFire  . . .     SeeInvis +     a - +0 war axe
rCold  . . .     Gourm    .     v - +0 chain mail
rNeg   . . .     Faith    .     c - +0 shield
rPois  .         Spirit   .     (helmet unavailable)
rElec  .         Reflect  .     (no cloak)
rCorr  .         Harm     .     (no gloves)
MR     .....                    (no boots)
Stlth  ..........               (no amulet)
                                (no ring)
                                (no ring)

@: no status effects
A: permanent stasis, dig shafts and tunnels, four strong arms, antennae 3
a: Dig, Shaft Self


You were on level 3 of the Dungeon.
You were full.

You visited 1 branch of the dungeon, and saw 3 of its levels.

You collected 86 gold pieces.

Inventory:

Hand Weapons
 a - a +0 war axe (weapon)
 g - a +0 hunting sling
 l - a +0 dagger
 m - a cursed +0 club
 o - a +0 trident
 p - a +0 dagger
 t - a +0 club
 w - a +0 club
 x - a +0 whip
 y - a +0 short sword
Missiles
 h - 118 stones (quivered)
 n - 10 arrows
 r - 10 bolts
Armour
 b - a +0 scale mail
 c - a +0 shield (worn)
 j - a +0 ring mail
 u - a +0 leather armour
 v - a +0 chain mail (worn)
 E - a +0 leather armour
Scrolls
 e - a scroll of remove curse
 q - 2 scrolls of enchant weapon
Potions
 d - a potion of might
 f - a potion of haste
 i - 2 potions of berserk rage
 k - a potion of beneficial mutation {unknown}
 s - a potion of curing {unknown}
 z - a potion of heal wounds {unknown}
 B - a potion of mutation {unknown}
Comestibles
 A - a slice of pizza
 D - a bread ration


   Skills:
 + Level 3.5 Fighting
 + Level 3.6 Axes
 + Level 4.1 Armour
 + Level 0.1 Dodging
 + Level 0.3 Stealth
 + Level 4.4 Shields


You had 4 spell levels left.
You didn't know any spells.

Dungeon Overview and Level Annotations

Branches:
Dungeon (3/15)

Altars:
Sif Muna

Annotations:
D:3 Santreim's ghost, amateur MiFi


Innate Abilities, Weirdness & Mutations

You are under a permanent stasis effect.
You can dig through walls and to a lower floor.
Your four strong arms can wield two-handed weapons with a shield.
You have a pair of large antennae on your head. (SInv)


Message History

The jackal closely misses you. Santreim's ghost hits you.
You block the jackal's attack.
You slash the jackal!
You kill the jackal!
You slash the dart slug!
You kill the dart slug!
You barely miss Santreim's ghost. You block Santreim's ghost's attack.
Santreim's ghost barely misses you.
You slash Santreim's ghost!
Santreim's ghost is severely damaged.
Santreim's ghost hits you!
* * * LOW HITPOINT WARNING * * *
You hit Santreim's ghost.
Santreim's ghost is almost destroyed.
You block Santreim's ghost's attack.
You closely miss Santreim's ghost.
Santreim's ghost is almost destroyed.
Santreim's ghost hits you but does no damage.
Santreim's ghost hits you!
You die...

,* *,* #.# *,**##### ,*
*,* #.# *,,,..... ,*
#.######.# ****##### ,*
#......#.#
,**************#.†.#
***####
,,,,,,,,,*######.)##
*,,....
********,*#.......#
*,*####
*,,,..###...#######**,*
*,,**,* #$@........**,*
##
*,,**,**#W††######.**,*
#. *****,,,*,......#
*,,,*,* #.
*,,,**,,*#####..#
***,,,*,***#. *,,,,,,,*
#..#**,,,,,,,,,..#
*,,,***,*
*#...,,,,,,,,,**#.. **,**
*,* *...#**,,>,,,,* ###
*,* *,* *)..#*,,,,,,,,*
*,*
*,*****,,,**,**,,,,,*****


You could see Santreim's ghost.

Vanquished Creatures
  5 adders (D:2)
  An ooze (D:1)
  A worm (D:2)
  3 dart slugs
  3 leopard geckos
  A giant cockroach (D:1)
  9 goblins
  6 hobgoblins
  A jackal (D:3)
  2 quokkas
  A ball python (D:1)
  7 bats
  4 frilled lizards
  7 kobolds
  7 rats
58 creatures vanquished.

Notes
Turn   | Place    | Note
-------+----------+-------------------------------------------
     0 | D:1      | Kullungy the Formicid Fighter began the quest for the Orb.
     0 | D:1      | Reached XP level 1. HP: 18/18 MP: 1/1
   139 | D:1      | Reached XP level 2. HP: 23/24 MP: 2/2
   538 | D:1      | Reached XP level 3. HP: 27/29 MP: 3/3
  1292 | D:2      | Reached XP level 4. HP: 28/35 MP: 4/4
  1722 | D:2      | Reached XP level 5. HP: 33/41 MP: 5/5
  1849 | D:2      | Found a deep blue altar of Sif Muna.
  2057 | D:3      | Noticed Santreim's ghost (amateur MiFi)
  2075 | D:3      | Slain by Santreim's ghost

Skill      XL: |  1  2  3  4 |
---------------+-------------+-----
Shields        | 4 |  4.4
Axes           | 3 |  3.6
Armour         | 4 |  4.1
Fighting       | |  3.5
Dodging        | |  0.1
Stealth        | |  0.3

Action                   |  1- 3 |  4- 6 || total
-------------------------+-------+-------++-------
Melee: War axe           |    88 |   109 ||   197
  Use: Scroll            |       |     8 ||     8
  Eat: Bread ration      |     1 |     1 ||     2
Armor: Scale mail        |    32 |       ||    32
       Chain mail        |     1 |    53 ||    54
Dodge: Dodged            |    19 |    26 ||    45
Block: Shield            |    57 |    65 ||   122
